Map: Terraform LE (Void)

Players

ImotoFantasy - Winner!

  • Race: Protoss Protoss
  • League: Gold

lickyfat

  • Race: Zerg Zerg
  • League: Platinum

VOD

Have the link to the VOD?

Description

Time

  • Played on: Oct. 25, 2015, 6:52 p.m.
  • Length: 15:44
Show
View Real Time Build Order
Export as new Build Order

ImotoFantasy Protoss - Winner!

Build Orders: Nexus First, Phoenix Opening 

Get SALT Encoding   

  12  0:00  Probe (Chrono Boost)  
  13  0:11  Probe (Chrono Boost)  
  14  0:19  Pylon  
  14  0:22  Probe (Chrono Boost)  
  15  0:38  Probe (Chrono Boost)  
  16  0:48  Probe (Chrono Boost)  
  17  0:59  Probe (Chrono Boost)  
  18  1:04  Nexus  
  18  1:10  Probe (Chrono Boost)  
  19  1:25  Probe (Chrono Boost), Gateway  
  20  1:27  Assimilator  
  20  1:35  Pylon  
  20  1:40  Probe (Chrono Boost)  
  20  1:44  Assimilator  
  21  1:59  Probe (Chrono Boost)  
  22  2:09  Probe (Chrono Boost)  
  23  2:16  Cybernetics Core  
  23  2:18  Zealot  
  23  2:20  Probe x2 (Chrono Boost)  
  27  2:30  Probe (Chrono Boost)  
  27  2:31  Probe (Chrono Boost)  
  29  2:40  Pylon  
  29  2:41  Probe x2 (Chrono Boost)  
  31  2:51  Probe (Chrono Boost)  
  31  2:52  Probe (Chrono Boost)  
  31  2:53  Warp Gate  
  33  3:02  Mothership Core (Chrono Boost), Probe (Chrono Boost)  
  36  3:07  Stargate  
  36  3:11  Assimilator  
  36  3:13  Probe (Chrono Boost)  
  36  3:14  Assimilator  
  36  3:15  Forge  
  37  3:20  Probe (Chrono Boost)  
  37  3:23  Probe (Chrono Boost)  
  37  3:25  Zealot  
  41  3:31  Probe (Chrono Boost)  
  43  3:34  Probe (Chrono Boost)  
  43  3:42  Probe (Chrono Boost)  
  43  3:44  Probe (Chrono Boost)  
  43  3:47  Pylon  
  43  3:48  Phoenix  
  45  3:51  Protoss Ground Weapons Level 1 (Chrono Boost)  
  45  3:52  Probe (Chrono Boost)  
  45  3:55  Probe  
  49  4:04  Probe  
  49  4:06  Nexus  
  50  4:10  Pylon  
  50  4:11  Probe  
  50  4:14  Phoenix  
  51  4:20  Probe  
  54  4:26  Probe, Pylon  
  55  4:32  Probe  
  55  4:36  Phoenix  
  55  4:38  Probe, Photon Cannon  
  59  4:48  Probe  
  59  4:50  Probe  
  61  4:57  Twilight Council  
  61  5:02  Pylon  
  61  5:04  Photon Cannon  
  61  5:05  Pylon  
  61  5:10  Pylon  
  61  5:17  Photon Cannon  
  61  5:21  Probe, Phoenix  
  61  5:22  Probe x2  
  66  5:30  Protoss Ground Weapons Level 2 (Chrono Boost)  
  66  5:33  Probe  
  66  5:35  Probe x2  
  69  5:39  Charge (Chrono Boost)  
  69  5:42  Gateway  
  69  5:43  Gateway  
  69  5:46  Probe  
  69  5:47  Probe x2  
  72  5:55  Fleet Beacon  
  72  6:17  Probe  
  72  6:19  Probe x2  
  72  6:24  Assimilator  
  73  6:26  Stargate  
  73  6:27  Assimilator  
  73  6:29  Stargate  
  73  6:34  Pylon  
  73  6:40  Probe x3  
  73  6:44  Carrier (Chrono Boost)  
  73  6:45  Protoss Air Weapons Level 1, Photon Cannon  
  75  6:48  Photon Cannon  
  75  6:51  Probe  
  75  6:52  Probe x2  
  84  7:01  Graviton Catapult  
  84  7:06  Probe  
  84  7:07  Probe x2  
  87  7:12  Photon Cannon  
  87  7:15  Pylon  
  87  7:18  Carrier x2 (Chrono Boost)  
  87  7:19  Pylon  
  87  7:21  Zealot x3  
  105  7:30  Photon Cannon  
  105  7:33  Photon Cannon  
  105  7:39  Photon Cannon  
  105  7:45  Gateway  
  105  7:47  Gateway x2  
  105  7:49  Protoss Ground Weapons Level 3 (Chrono Boost)  
  105  8:01  Carrier (Chrono Boost)  
  111  8:13  Photon Cannon x2  
  111  8:18  Photon Cannon  
  111  8:21  Pylon  
  111  8:29  Photon Cannon  
  111  8:33  Photon Cannon  
  111  8:35  Photon Cannon  
  111  8:36  Carrier (Chrono Boost)  
  111  8:41  Photon Cannon  
  111  8:48  Carrier (Chrono Boost)  
  123  8:59  Zealot x2  
  127  9:03  Protoss Air Weapons Level 2 (Chrono Boost)  
  127  9:12  Carrier  
  127  9:14  Nexus  
  127  9:16  Pylon  
  127  9:21  Pylon  
  133  9:34  Pylon  
  133  9:40  Assimilator  
  133  9:43  Assimilator  
  133  9:46  Photon Cannon  
  133  9:47  Photon Cannon, Carrier  
  133  9:49  Photon Cannon  
  133  9:57  Templar Archives  
  139  10:02  Gateway  
  139  10:05  Gateway  
  139  10:10  Carrier  
  145  10:25  Protoss Ground Armor Level 1  
  145  10:33  Psionic Storm  
  145  10:36  Carrier  
  145  10:42  High Templar x2  
  153  10:43  High Templar x4  
  163  11:01  Carrier  
  163  11:12  Gateway x2  
  163  11:17  Photon Cannon  
  169  11:19  Photon Cannon  
  169  11:21  Pylon  
  153  11:33  Pylon  
  153  11:37  Pylon  
  149  11:53  Zealot x4  
  149  11:54  Zealot x4  
  157  12:01  Robotics Facility  
  157  12:07  Oracle (Chrono Boost)  
  160  12:15  High Templar x4  
  166  12:16  High Templar x4  
  176  12:39  Photon Cannon  
  176  12:41  Nexus  
  176  12:43  Photon Cannon  
  172  13:15  Zealot x2  
  172  13:16  Zealot x2  
  180  13:35  Observer  
  180  13:37  Carrier (Chrono Boost)  
  187  13:54  High Templar  
  187  13:55  High Templar x5  
  197  13:58  Archon  
  197  13:59  Archon x2  
  197  14:02  Observer  
  173  14:44  Archon x2  
  173  14:45  Archon  
  173  14:46  High Templar x6  
  173  14:47  High Templar x4  
  193  15:08  Observer  
Show
View Real Time Build Order
Export as new Build Order

lickyfat Zerg 

Build Orders: Hatch First, Lurkers 

Get SALT Encoding   

  12  0:01  Drone  
  13  0:12  Overlord  
  14  0:21  Drone  
  14  0:31  Drone x2  
  14  0:35  Drone  
  17  0:53  Hatchery  
  16  0:57  Drone  
  17  1:11  Spawning Pool  
  16  1:16  Drone  
  16  1:18  Extractor  
  16  1:26  Drone x2  
  18  1:35  Drone  
  19  1:42  Drone  
  20  1:51  Drone  
  21  2:01  Drone  
  22  2:04  Queen  
  22  2:05  Queen  
  22  2:06  Drone  
  27  2:11  Overlord  
  27  2:18  Drone  
  27  2:19  Metabolic Boost  
  28  2:41  Queen  
  28  2:42  Hatchery  
  29  2:45  Zergling x2  
  29  2:46  Zergling x2  
  29  2:48  Zergling x2  
  32  2:51  Drone  
  33  3:02  Drone x3  
  36  3:05  Overlord  
  36  3:09  Overlord  
  36  3:18  Lair  
  36  3:25  Drone x3, Extractor  
  38  3:28  Zergling x4  
  39  3:40  Roach Warren  
  38  3:42  Lair  
  38  3:48  Drone x2  
  40  3:50  Drone  
  40  3:55  Drone x2  
  43  3:59  Drone  
  43  4:00  Overlord  
  44  4:04  Drone  
  44  4:08  Drone x2  
  47  4:11  Drone  
  47  4:12  Drone  
  49  4:17  Pneumatized Carapace  
  49  4:25  Spore Crawler  
  49  4:27  Drone  
  49  4:28  Spore Crawler, Drone  
  49  4:30  Drone  
  50  4:32  Drone  
  50  4:33  Spore Crawler  
  50  4:38  Glial Reconstitution, Extractor  
  50  4:41  Evolution Chamber  
  50  4:43  Drone x2  
  50  4:45  Drone  
  51  4:48  Zergling x4  
  53  4:55  Drone x3  
  53  4:58  Drone  
  53  4:59  Extractor  
  56  5:01  Drone x2  
  56  5:20  Hydralisk Den  
  55  5:22  Overlord x4  
  55  5:25  Spore Crawler  
  55  5:27  Zerg Missile Weapons Level 1  
  54  5:28  Spore Crawler  
  52  5:35  Spore Crawler  
  51  5:46  Zergling x18  
  60  5:51  Drone x3  
  60  5:54  Drone  
  60  5:56  Drone  
  65  5:57  Drone  
  66  6:10  Drone x3  
  66  6:11  Drone x4  
  72  6:16  Muscular Augments  
  69  6:24  Hydralisk x2  
  73  6:27  Drone x2  
  73  6:36  Drone x6  
  71  6:48  Hydralisk x5  
  81  6:54  Extractor  
  81  6:59  Drone  
  81  7:02  Overlord x3  
  81  7:03  Overlord  
  81  7:08  Extractor  
  81  7:15  Hatchery  
  79  7:17  Hydralisk  
  79  7:19  Overseer  
  81  7:23  Zerg Ground Armor Level 1  
  81  7:25  Drone x2  
  81  7:27  Evolution Chamber, Drone  
  81  7:29  Drone x4  
  87  7:31  Drone x2  
  87  7:33  Drone  
  87  7:36  Queen  
  92  7:37  Drone  
  92  7:41  Lurker Den  
  93  7:46  Drone  
  93  7:49  Infestation Pit  
  93  7:57  Drone  
  93  7:58  Hydralisk  
  93  7:59  Hydralisk x2  
  93  8:01  Overlord  
  99  8:11  Hatchery  
  98  8:13  Zerg Missile Weapons Level 2  
  98  8:27  Hive  
  98  8:28  Hydralisk  
  98  8:29  Hydralisk x7  
  98  8:32  Overlord  
  98  8:33  Overlord  
  112  9:00  Overlord  
  112  9:01  Overlord, Hydralisk x2  
  112  9:02  Hydralisk x8  
  132  9:12  Extractor  
  132  9:13  Extractor  
  130  9:24  Zerg Ground Armor Level 2  
  130  9:26  Lurker x3  
  130  9:27  Lurker x3  
  130  9:29  Hydralisk  
  130  9:31  Zergling x2  
  139  9:36  Evolution Chamber  
  139  9:37  Evolution Chamber  
  137  9:40  Queen  
  137  9:44  Drone x7  
  137  9:45  Drone  
  147  9:53  Hydralisk x6  
  147  9:56  Lurker  
  147  9:57  Lurker  
  161  10:24  Overlord x3  
  161  10:38  Overlord x3  
  161  10:43  Viper x4  
  173  10:56  Overlord x3  
  173  10:58  Hydralisk  
  173  10:59  Hydralisk x9  
  173  11:00  Hydralisk  
  192  11:28  Hydralisk x7  
  192  11:29  Hydralisk x3  
  181  11:39  Hydralisk x6  
  154  11:52  Hydralisk x6  
  166  12:10  Zerg Ground Armor Level 3  
  166  12:22  Overlord  
  166  12:25  Hydralisk  
  166  12:26  Hydralisk x7  
  166  12:28  Zergling x8  
  186  12:42  Hatchery, Hydralisk x4  
  187  12:56  Hatchery  
  145  13:01  Hydralisk x7  
  117  13:14  Viper x2  
  123  13:24  Hydralisk x5  
  133  13:40  Viper  
  135  13:42  Zergling x28  
  135  13:43  Zergling x2  
  130  14:01  Hydralisk x3  
  118  14:19  Hydralisk x6  
  103  14:28  Hydralisk  
  103  14:29  Hydralisk  
  89  14:42  Hydralisk x3  
  77  14:56  Hydralisk  
  77  14:57  Hydralisk  
Tags
 
Add a new tag
Caveats
  • Supply blocks, unpowered buildings, or Contaminate may cause inaccurate times.
  • Supply counts are checked every 10 seconds.